 Dungeon Sprint DCSS version 0.30.1-11-g7821555f0a (webtiles) character file.

Game seed: 5080328227796103194

14347 Groucho the Unseen (level 11, -2/58 HPs)
             Began as a Spriggan Enchanter on Dec 21, 2023.
             Was the Champion of Dithmenos.
             Engulfed by a cloud of freezing vapour (22 damage)
             ... in the Dungeon (Sprint II: "The Violet Keep of Menkaure").
             The game lasted 00:24:03 (3386 turns).

Groucho the Unseen (Spriggan Enchanter)             Turns: 3386, Time: 00:24:04

Health: -2/58      AC:  7    Str:  4    XL:     11   Next: 87%
Magic:  14/28      EV: 20    Int: 21    God:    Dithmenos [******]
Gold:   1458       SH:  7    Dex: 16    Spells: 14/34 levels left

rFire   + + .        a - +1 dagger
rCold   . . .        b - +1 buckler {AC+3}
rNeg    . . .        k - +2 robe {rF+}
rPois   .            (helmet restricted)
rElec   .            (no cloak)
rCorr   .            (gloves unavailable)
SInv    +            (boots unavailable)
Will    +....        (no amulet)
Stlth   ++++++       j - ring of protection from fire
HPRegen 0.29/turn    (no ring)
MPRegen 0.21/turn

%: no teleportation
@: wreathed by umbra, slow
A: very small, no large weapons, unfitting armour, see invisible, speed 3
a: Renounce Religion, Shadow Step, Shadow Form


You were in the Dungeon.
You worshipped Dithmenos.
Dithmenos was exalted by your worship.
You visited 1 branch You collected 2389 gold pieces.
You spent 931 gold pieces at shops.

Inventory:

Hand Weapons
 a - a +1 dagger (weapon)
Armour
 b - a +1 buckler of protection (worn)
 k - a +2 robe of fire resistance (worn)
Jewellery
 j - a ring of protection from fire (left hand)
 w - an amulet of regeneration
Scrolls
 c - 4 scrolls of acquirement {unknown}
 e - 2 scrolls of poison {unknown}
 i - a scroll of magic mapping {unknown}
 l - a scroll of enchant weapon {unknown}
 m - 2 scrolls of enchant armour {unknown}
 n - 6 scrolls of identify {unknown}
 o - a scroll of fog {unknown}
 p - 4 scrolls of blinking
 r - a scroll of vulnerability {unknown}
 x - a scroll of immolation {unknown}
 y - 3 scrolls of amnesia {unknown}
Potions
 d - 3 potions of resistance {unknown}
 f - 6 potions of flight
 g - 14 potions of magic
 h - a potion of berserk rage
 q - a potion of might {unknown}
 s - 2 potions of curing
 t - a potion of lignification {unknown}
 u - a potion of attraction {unknown}
 v - a potion of mutation {unknown}
 z - a potion of brilliance {unknown}


   Skills:
 - Level 7.0 Fighting
 - Level 10.0 Short Blades
 - Level 7.0 Dodging
 - Level 15.0 Stealth
 - Level 7.0 Shields
 - Level 12.0 Spellcasting
 + Level 10.7 Conjurations
 - Level 14.0 Hexes
 - Level 12.0 Transmutations
 - Level 10.0 Earth Magic


You had 14 spell levels left.
You knew the following spells:

 Your Spells              Type           Power      Damage    Failure   Level
a - Ensorcelled Hibernat  Hex/Ice        84%        N/A       1%          2
b - Confusing Touch       Hex            63%        N/A       1%          3
c - Dazzling Flash        Conj/Hex       100%       N/A       1%          3
d - Petrify               Tmut/Erth      56%        N/A       1%          4
e - Irradiate             Conj/Tmut      28%        3d21      2%          5
f - Stone Arrow           Conj/Erth      100%       3d13      1%          3

Your spell library contained the following spells:

 Spells                   Type           Power      Damage    Failure   Level
 Sandblast                Erth           100%       2d20      1%          1
 Passwall                 Tmut/Erth      46%        N/A       1%          2
 Wereblood                Tmut           58%        N/A       1%          2
 Tukima's Dance           Hex            63%        N/A       1%          3
 Sublimation of Blood     Necr           12%        N/A       13%         2
 Summon Hydra             Summ           6%         N/A       100%        7


Dungeon Overview and Level Annotations

Branches:
Dungeon (1/1)

Altars:
Cheibriados
Dithmenos
Elyvilon
Fedhas
Gozag
Hepliaklqana
Kikubaaqudgha
Makhleb
Nemelex Xobeh
Okawaru
Qazlal
Ru
Sif Muna
Trog
Uskayaw
Vehumet
Wu Jian
Xom
Yredelemnul
Zin
The Shining One
Jiyva
Lugonu

Shops:
D :?*:=*!!?*[([=:

Annotations:
D exclusions: door, ice statue and oklob plant


Innate Abilities, Weirdness & Mutations

You are very small and have problems with some larger weapons.
You are too small for most types of armour.
You have supernaturally acute eyesight. (SInv)
You cover ground extremely quickly. (Speed+++)


Message History

The stone arrow hits the ice statue.
The ice statue is moderately damaged.
Your shadow mimicks your spell!
The shadow shard hits the ice statue but does no damage.
The ice statue gestures at you. The shard of ice misses you.
Unknown command.
You close the gate.
This gate is marked as excluded!
Open it anyway? [Y]es or [N]o only, please.
This gate is marked as excluded!
Open it anyway?
You open the gate. The ice statue gestures at you. The shard of ice misses you.
Aiming: Stone Arrow (safe; 1% risk of failure)
Press: ? - help, Q - select action, (/) - cycle Shift-Dir - straight line, f/p - ice statue
Aim: an ice statue (moderately damaged, umbra, 100% to hit)
The stone arrow hits the ice statue!!
The ice statue is heavily damaged.
You are engulfed in freezing vapours.
You emit a cloud of dark smoke.
Unknown command.
Unknown command.
Aiming: Stone Arrow (safe; 1% risk of failure)
Press: ? - help, Q - select action, (/) - cycle Shift-Dir - straight line, f/p - ice statue
Aim: an ice statue (freezing vapour, heavily damaged, umbra, 100% to hit)
The stone arrow hits the ice statue.
The ice statue is heavily damaged.
Your shadow mimicks your spell!
The shadow shard hits the ice statue!!
You are engulfed in freezing vapours.
You emit a cloud of dark smoke.
The ice statue gestures.
Unknown command.
Unknown command.
Aiming: Stone Arrow (safe; 1% risk of failure)
Press: ? - help, Q - select action, (/) - cycle Shift-Dir - straight line, f/p - ice statue
Aim: an ice statue (freezing vapour, almost destroyed, umbra, 100% to hit)
The stone arrow hits the ice statue!
The ice statue is almost destroyed.
You are engulfed in freezing vapours.
You die... .∩.∩.[#~#...##.##...#..#..#..#..# ..∩.∩.'~'.##'.<.'###'..####..##.# ...∩.∩#~#...##.##...#.§..###...## ▓▓▓▓###~##.###'###.##......~~)~~~ l######~~####...####~~.....~#'### l#l

##~~~#..#).#~~~~~~~..~#..._
?+$
+#~##...##§~~~~§~§.~#_._. .
[ #~~##+##§~~≈≈≈§§~~~#._._
$ #~~~~§@§°~~≈§≈≈~~~#_._.
#+++#'°'#~≈≈≈≈≈≈≈~#._._
..°..○.##≈≈≈###≈≈#_._.
#.○○○○Y○..##≈≈# #§§#._._
.○○○○8☼○...+≈≈# #≈§#.._.
#○○○°°°...##≈≈≈≈§≈§#####
##.°○○○..## ######~~~~
####+#### §≈###~### ≈≈##~


You could see an ice statue and an ice beast (summoned).

Vanquished Creatures
  A deep elf master archer (D)
  A kraken (D)
  2 sphinxes (D)
  A crystal guardian (D)
  An ice dragon (D)
  2 boulder beetles (D)
  A death yak (D)
  An iron elemental (D)
  2 deep trolls (D)
  2 death drakes (D)
  A merfolk siren (D)
  A cane toad (D)
  A yaktaur (D)
  A hornet (D)
  5 polar bears (D)
  3 slime creatures (D)
  3 yaks (D)
  4 neqoxecs (D)
  5 water moccasins (D)
  2 swamp drakes (D)
  4 necrophages (D)
  A spectral giant cockroach (D)
45 creatures vanquished.

Vanquished Creatures (others)
  Menkaure (D)
  28 tentacles (D)
29 creatures vanquished.

Grand Total: 74 creatures vanquished

Notes
Turn   | Place    | Note
-------+----------+-------------------------------------------
     0 | D        | Groucho the Spriggan Enchanter began the quest for the Orb.
     0 | D        | Reached XP level 1. HP: 9/9 MP: 5/5
     3 | D        | Noticed a neqoxec
     6 | D        | Noticed a boulder beetle
     6 | D        | Noticed a boulder beetle
     9 | D        | Noticed a merfolk siren
    12 | D        | Noticed a necrophage
    12 | D        | Noticed a necrophage
    12 | D        | Noticed a necrophage
    12 | D        | Noticed a necrophage
    21 | D        | Killed a necrophage
    22 | D        | Reached skill level 6 in Stealth
    22 | D        | Reached skill level 5 in Hexes
    22 | D        | Reached XP level 2. HP: 13/15 MP: 6/8
    22 | D        | Reached XP level 3. HP: 15/18 MP: 6/9
    28 | D        | Killed a necrophage
    29 | D        | Reached skill level 5 in Short Blades
    29 | D        | Reached skill level 5 in Dodging
    29 | D        | Reached skill level 8 in Stealth
    29 | D        | Reached skill level 5 in Spellcasting
    29 | D        | Reached XP level 4. HP: 20/24 MP: 7/12
    36 | D        | Killed a necrophage
    37 | D        | Reached skill level 10 in Stealth
    37 | D        | Reached XP level 5. HP: 24/30 MP: 7/13
    38 | D        | Reached skill level 5 in Fighting
    38 | D        | Reached skill level 12 in Stealth
    43 | D        | Killed a neqoxec
    44 | D        | Reached skill level 15 in Stealth
    44 | D        | Reached XP level 6. HP: 29/35 MP: 8/14
    44 | D        | Noticed a neqoxec
    45 | D        | Killed a neqoxec
    46 | D        | Noticed a neqoxec
    46 | D        | Noticed a neqoxec
    48 | D        | Killed a neqoxec
    49 | D        | Reached XP level 7. HP: 33/39 MP: 8/15
    50 | D        | Killed a neqoxec
    62 | D        | Killed a boulder beetle
    63 | D        | Reached XP level 8. HP: 38/43 MP: 9/16
    65 | D        | Killed a boulder beetle
    66 | D        | Reached skill level 10 in Short Blades
    74 | D        | Learned a level 2 spell: Ensorcelled Hibernation
    78 | D        | Learned a level 3 spell: Confusing Touch
    82 | D        | Learned a level 3 spell: Dazzling Flash
    85 | D        | Killed a merfolk siren
    86 | D        | Reached XP level 9. HP: 47/47 MP: 12/25
   137 | D        | Killed Menkaure
   256 | D        | Found Tefan's Book Shop.
   256 | D        | Found Dokkur's Antique Weapon Boutique.
   256 | D        | Found Umuuxe's Antique Armour Shop.
   256 | D        | Found Fionoqaz's Distillery.
   256 | D        | Found Nelis's Distillery.
   256 | D        | Found Faruinunk's Assorted Antiques.
   256 | D        | Found Nifytuet's Assorted Antiques.
   257 | D        | Found Zyecavom's Jewellery Boutique.
   257 | D        | Found Racireti's Book Shop.
   257 | D        | Found Irypaf's General Store.
   257 | D        | Found Veedwubi's Antique Armour Shop.
   258 | D        | Found Huejula's Jewellery Boutique.
   258 | D        | Found Uruot's Magic Scroll Shop.
   258 | D        | Found Tips's Magic Scroll Shop.
   266 | D        | Noticed an oklob plant
   267 | D        | Found Fybepue's Book Shoppe.
   304 | D        | Bought a potion of flight for 39 gold pieces
   304 | D        | Bought a potion of flight for 39 gold pieces
   306 | D        | Bought a ring of protection from fire for 300 gold pieces
   307 | D        | Bought a book of Alchemy for 364 gold pieces
   309 | D        | Bought a glowing robe for 62 gold pieces
   327 | D        | Bought a runed buckler for 127 gold pieces
   349 | D        | Found a glowing golden altar of the Shining One.
   349 | D        | Found an ornate altar of the Wu Jian Council.
   350 | D        | Found a shimmering altar of Xom.
   350 | D        | Found a sacrificial altar of Ru.
   351 | D        | Found a basalt altar of Yredelemnul.
   351 | D        | Found a shimmering blue altar of Sif Muna.
   351 | D        | Found a stormy altar of Qazlal.
   351 | D        | Found a viscous altar of Jiyva.
   352 | D        | Found a glowing silver altar of Zin.
   352 | D        | Found a bloodstained altar of Trog.
   352 | D        | Found an ancient bone altar of Kikubaaqudgha.
   353 | D        | Found a hide-covered altar of Uskayaw.
   353 | D        | Found a corrupted altar of Lugonu.
   353 | D        | Found a shadowy altar of Dithmenos.
   353 | D        | Found a hazy altar of Hepliaklqana.
   353 | D        | Found a snail-covered altar of Cheibriados.
   360 | D        | Learned a level 4 spell: Petrify
   362 | D        | Found a radiant altar of Vehumet.
   362 | D        | Found a burning altar of Makhleb.
   362 | D        | Found a white marble altar of Elyvilon.
   363 | D        | Found a sparkling altar of Nemelex Xobeh.
   363 | D        | Found a blossoming altar of Fedhas.
   364 | D        | Noticed a polar bear
   365 | D        | Found an iron altar of Okawaru.
   365 | D        | Found an opulent altar of Gozag.
   365 | D        | Noticed a polar bear
   365 | D        | Noticed a polar bear
   366 | D        | Noticed a yaktaur
   372 | D        | Became a worshipper of Dithmenos the Shadowed
   394 | D        | Noticed a deep elf master archer
   397 | D        | Killed a deep elf master archer
   398 | D        | Reached skill level 5 in Shields
   404 | D        | Reached * piety under Dithmenos
   405 | D        | Reached XP level 10. HP: 55/55 MP: 25/27
   408 | D        | Reached skill level 1 in Earth Magic
   414 | D        | Reached ** piety under Dithmenos
   425 | D        | Reached skill level 5 in Transmutations
   448 | D        | Reached *** piety under Dithmenos
   454 | D        | Reached skill level 5 in Earth Magic
   474 | D        | Noticed an iron elemental
   476 | D        | Killed an iron elemental
   520 | D        | Noticed a kraken
   806 | D        | Reached **** piety under Dithmenos
   982 | D        | Noticed a death drake
   986 | D        | Noticed a crystal guardian
  1111 | D        | Killed a death drake
  1112 | D        | Reached skill level 10 in Transmutations
  1112 | D        | Noticed a death drake
  1140 | D        | Killed a death drake
  1496 | D        | Reached ***** piety under Dithmenos
  1518 | D        | Learned a level 5 spell: Irradiate
  1536 | D        | Noticed a deep troll
  1537 | D        | Noticed a deep troll
  1590 | D        | Killed a deep troll
  1591 | D        | Reached XP level 11. HP: 15/58 MP: 14/28
  1673 | D        | Killed a deep troll
  2098 | D        | Noticed a sphinx
  2099 | D        | Noticed a sphinx
  2101 | D        | Killed a sphinx
  2102 | D        | Reached skill level 10 in Earth Magic
  2102 | D        | Killed a sphinx
  2259 | D        | Learned a level 3 spell: Stone Arrow
  2604 | D        | Killed a kraken
  2625 | D        | Killed a crystal guardian
  2747 | D        | Noticed a great orb of eyes
  2747 | D        | Noticed an ice dragon
  2747 | D        | Noticed a death yak
  2765 | D        | Reached ****** piety under Dithmenos
  2974 | D        | Killed an ice dragon
  2995 | D        | Reached skill level 10 in Conjurations
  3121 | D        | Killed a death yak
  3386 | D        | Engulfed by a cloud of freezing vapour

Illustrated notes

Levels and vault maps discovered:
D:        the_violet_keep_of_menkaure [sprint2_stairs_cluster_1,
          sprint2_shoproom, sprint2_temple, sprint2_basic_supplies,
          sprint2_obstacle_2, sprint2_obstacle_3, sprint2_obstacle_6,
          sprint2_obstacle_5, sprint2_obstacle_7, sprint2_timed_cluster_1,
          sprint2_smallroom_cluster_1, sprint2_smallroom_final_cluster_1,
          sprint2_transparent_cluster_1, sprint2_second_timed_cluster_1,
          sprint2_sniper_area_1, sprint2_heavy_combat_area_1,
          sprint2_mutation_trap_area_1, sprint2_forest_area_1,
          sprint2_light_combat_area_1, sprint2_behind_water_1,
          sprint2_near_end_vault_1]

Skill      XL: |  1  2  3  4  5  6  7  8  9 10 11 |
---------------+----------------------------------+-----
Fighting       | 2 3 4 5 7 |  7.0
Short Blades   | 3 5 9 10 | 10.0
Dodging        | 4 5 7 |  7.0
Stealth        | 6 8 10 15 | 15.0
Spellcasting   | 4 5 11 12 | 12.0
Hexes          | 5 6 11 14 | 14.0
Shields        | 6 7 |  7.0
Transmutations | 12 | 12.0
Earth Magic    | 8 10 | 10.0
Conjurations   | 2 10 | 10.7

Action                     |  1- 3 |  4- 6 |  7- 9 | 10-12 || total
---------------------------+-------+-------+-------+-------++-------
  Melee: Dagger            |    15 |    11 |     9 |    81 ||   116
         Punch             |       |       |       |     1 ||     1
   Cast: Ensorcelled Hiber |       |       |     3 |    19 ||    22
         Petrify           |       |       |       |    14 ||    14
         Confusing Touch   |       |       |       |     8 ||     8
         Stone Arrow       |       |       |       |    10 ||    10
         Dazzling Flash    |       |       |       |     2 ||     2
         Irradiate         |       |       |       |     2 ||     2
    Use: Potion            |     2 |       |     2 |     5 ||     9
         Scroll            |       |       |       |     1 ||     1
   Stab: Invisible         |     5 |     2 |       |       ||     7
         Sleeping          |       |     3 |     8 |    15 ||    26
         Petrified         |       |       |       |    12 ||    12
         Confused          |       |       |       |     9 ||     9
 Armour: Robe              |     1 |       |       |     6 ||     7
  Dodge: Dodged            |     2 |     5 |       |    83 ||    90
